 Dungeon Crawl Stone Soup version 0.30-a0-1124-g6e8f0f562f (webtiles) character file.

Game seed: 11744586671693199437

120 Lavandula the Cutter (level 4, -1/33 HPs)
             Began as a Mummy Wanderer on Apr 22, 2023.
             Slain by a hound (3 damage)
             ... on level 3 of the Dungeon.
             The game lasted 00:04:26 (2478 turns).

Lavandula the Cutter (Mummy Wanderer)               Turns: 2478, Time: 00:04:27

Health: -1/33      AC:  3    Str: 18    XL:     4   Next: 75%
Magic:  4/8        EV: 11    Int: 13    God:
Gold:   164        SH:  0    Dex:  8    Spells: 6/8 levels left

rFire   x . .        m - +0 short sword (speed)
rCold   + . .        (no shield)
rNeg    + + +        j - +0 leather armour
rPois   ∞            (no helmet)
rElec   .            (no cloak)
rCorr   .            (no gloves)
SInv    .            (no boots)
Will    .....        (no amulet)
Stlth   +            (no ring)
HPRegen 0.25/turn    (no ring)
MPRegen 0.11/turn

%: faith
@: very slightly contaminated
A: cold resistance 1, negative energy resistance 3, torment resistance 2, heat
vulnerability 1, in touch with death 1, no potions, faith
a: no special abilities


You were on level 3 of the Dungeon.
You visited 1 branch of the dungeon, and saw 4 of its levels.

You collected 164 gold pieces.

Inventory:

Hand Weapons
 a - a +2 dagger
 m - a +0 short sword of speed (weapon)
Missiles
 b - a curare-tipped dart (quivered)
 g - 3 poisoned darts
Armour
 c - a +0 scale mail
 j - a +0 leather armour (worn)
Wands
 i - a wand of flame (27)
Scrolls
 d - a scroll of vulnerability
 e - 2 scrolls of identify
 f - 2 scrolls of butterflies
 h - a scroll of teleportation
 k - a scroll of immolation
 l - a scroll of enchant weapon


   Skills:
 - Level 2.0 Fighting
 - Level 3.1 Short Blades
 - Level 2.4 Throwing
 - Level 1.0 Armour
 - Level 1.0 Stealth
 - Level 2.6 Spellcasting
 + Level 1.5 Fire Magic
 - Level 1.0 Evocations


You had 6 spell levels left.
You knew the following spells:

 Your Spells              Type           Power      Damage    Failure   Level
a - Foxfire               Conj/Fire      12%        2x1d4     21%         1
b - Necrotise             Necr           8%         1d4       28%         1

Your spell library contained the following spells:

 Spells                   Type           Power      Damage    Failure   Level
 Apportation              Tloc           2%         N/A       28%         1
 Summon Small Mammal      Summ           4%         N/A       28%         1
 Volatile Blastmotes      Fire/Tloc      6%         2d10      52%         3
 Ignite Poison            Fire/Tmut/Pois 3%         N/A       56%         3
 Dazzling Flash           Conj/Hex       2%         N/A       63%         3
 Ozocubu's Armour         Ice            1%         N/A       63%         3
 Iskenderun's Mystic Bla  Conj/Tloc      1%         2d3       95%         4
 Summon Lightning Spire   Summ/Air       1%         N/A       95%         4
 Metabolic Englaciation   Hex/Ice        0%         N/A       100%        5
 Simulacrum               Ice/Necr       1%         N/A       100%        6
 Starburst                Conj/Fire      1%         6d3       100%        6
 Summon Hydra             Summ           0%         N/A       100%        7
 Maxwell's Capacitive Co  Air            0%         ∞         100%        8
 Sublimation of Blood     Necr           Unusable   N/A       N/A         2
 Wereblood                Tmut           Unusable   N/A       N/A         2
 Storm Form               Tmut/Air       Unusable   N/A       N/A         7

Dungeon Overview and Level Annotations

Branches:
Dungeon (4/15)
 Temple: D:4-7

Altars:
Gozag
Hepliaklqana
Uskayaw


Innate Abilities, Weirdness & Mutations

You are immune to poison.
Your flesh is cold resistant. (rC+)
You are immune to negative energy. (rN+++)
You are immune to unholy pain and torment.
You are vulnerable to heat. (rF-)
You are in touch with the powers of death.
You do not drink.
You have a special connection with the divine. (Faith)


Message History

The hound is severely wounded.
The hound bites you.
You barely miss the hound.
The hound is severely wounded.
The hound misses you.
Casting: Necrotise (safe; 28% risk of failure)
Confirm with . or Enter, or press ? or * to list all spells.
Aiming: Necrotise (safe; 28% risk of failure)
Press: ? - help, Shift-Dir - straight line, f - hound
Aim: a hound (severely wounded, chance to affect: 50%)
You feel a surge of power!
You miscast Necrotise.
You are very lightly contaminated with residual magic.
Nothing appears to happen.
The hound barely misses you.
Casting: Necrotise (safe; 28% risk of failure)
Confirm with . or Enter, or press ? or * to list all spells.
Aiming: Necrotise (safe; 28% risk of failure)
Press: ? - help, Shift-Dir - straight line, f/p - hound
Aim: a hound (severely wounded, chance to affect: 50%)
You feel a surge of power!
The hound writhes in agony.
The hound bites you.
* * * LOW HITPOINT WARNING * * *
The hound bites you.
* * * LOW HITPOINT WARNING * * *
Casting: Necrotise (safe; 28% risk of failure)
Confirm with . or Enter, or press ? or * to list all spells.
Aiming: Necrotise (safe; 28% risk of failure)
Press: ? - help, Shift-Dir - straight line, f/p - hound
Aim: a hound (almost dead, chance to affect: 50%)
You feel a surge of power!
The hound resists with some effort.
The hound bites you.
* * * LOW HITPOINT WARNING * * *
Unknown command.
Unknown command.
Casting: Necrotise (safe; 28% risk of failure)
Confirm with . or Enter, or press ? or * to list all spells.
Aiming: Necrotise (safe; 28% risk of failure)
Press: ? - help, Shift-Dir - straight line, f/p - hound
Aim: a hound (almost dead, chance to affect: 50%)
You feel a surge of power!
The hound resists with some effort.
The hound barely misses you. The hound bites you.
You die...

##.# #......#
.#.########.#
.#......# #.####
.#....#.# #....###
...<..#.# #.##...###
##.###### ##.#.#.#.##
.###._.####.........#
..⌠.....#.##...h...##
.....⌠..#.#.....@...#
.......##.##.......##
.....####...........#
##'###..####.......##
##....#.# #(........#
......#.####.#.#.#.##
.##...#........#####
.##..##.########
........#


You could see a hound.

Vanquished Creatures
  An iguana (D:4)
  3 adders
  A gnoll (D:3)
  2 dart slugs (D:2)
  An orc (D:3)
  8 ball pythons
  5 bats
  4 endoplasms
  4 goblins
  7 hobgoblins
  2 quokkas (D:1)
  4 frilled lizards (D:1)
  8 kobolds
  2 rats
52 creatures vanquished.

Vanquished Creatures (others)
  4 foxfires
4 creatures vanquished.

Grand Total: 56 creatures vanquished

Notes
Turn   | Place    | Note
-------+----------+-------------------------------------------
     0 | D:1      | Lavandula the Mummy Wanderer began the quest for the Orb.
     0 | D:1      | Lavandula set off with the following items: a +2 dagger, 2
                  | curare-tipped darts, a +0 scale mail, a scroll of
                  | vulnerability; and the following spell memorised: Foxfire;
                  | and the following spells available to memorise: Ignite
                  | Poison.
     0 | D:1      | Reached XP level 1. HP: 16/16 MP: 4/4
    60 | D:1      | Reached skill level 1 in Short Blades
   116 | D:1      | Reached XP level 2. HP: 22/22 MP: 5/5
   335 | D:1      | Reached skill level 2 in Short Blades
   515 | D:2      | Gained mutation: You are in touch with the powers of death.
                  | [Mummy growth]
   515 | D:2      | Reached XP level 3. HP: 24/27 MP: 7/7
  1362 | D:3      | Reached skill level 3 in Short Blades
  1414 | D:3      | Reached XP level 4. HP: 26/33 MP: 8/8
  1530 | D:3      | Learned a level 1 spell: Necrotise
  1894 | D:3      | Found a hide-covered altar of Uskayaw.
  2138 | D:3      | Found an opulent altar of Gozag.
  2138 | D:3      | Found a hazy altar of Hepliaklqana.
  2432 | D:4      | Reached skill level 1 in Fire Magic
  2478 | D:3      | Slain by a hound

Illustrated notes

Levels and vault maps discovered:
D:1:      dpeg_arrival_rhombus, layout_rooms,
          nicolae_concentric_dashed_squares_wild
D:2:      layout_loops_ring, chequers_serial_rivers_micro_d
D:3:      layout_basic, mainiacjoe_overflow_six_doors_small,
          gammafunk_temple_overflow_pools, st_stairs_4, minmay_misc_feat_doors
D:4:      layout_cave_pods, grunt_ministairs_15

Skill      XL: |  1  2  3  4 |
---------------+-------------+-----
Short Blades   | 1 2 3 |  3.1
Fire Magic     | 1 |  1.5
Fighting       | |  2.0
Throwing       | |  2.4
Armour         | |  1.0
Stealth        | |  1.0
Spellcasting   | |  2.6
Evocations     | |  1.0

Action                     |  1- 3 |  4- 6 || total
---------------------------+-------+-------++-------
  Melee: Dagger            |   203 |    34 ||   237
         Short sword       |       |    40 ||    40
         Punch             |       |     1 ||     1
  Throw: Dart              |       |     1 ||     1
   Cast: Necrotise         |       |    15 ||    15
         Foxfire           |       |     2 ||     2
    Use: Scroll            |     2 |     2 ||     4
 Armour: Scale mail        |    70 |       ||    70
         Leather armour    |     4 |    18 ||    22
  Dodge: Dodged            |    95 |    52 ||   147

Table legend: (Time is in decaauts)
 A = Elapsed time spent in this place.
 B = Non-inter-level travel time spent in this place.
 C = Inter-level travel time spent in this place.
 D = Time resting spent in this place.
 E = Time spent auto-exploring this place.
 F = Levels seen in this place.
 G = Mean time per level.
                   A        B        C        D        E       F      G
               +--------+--------+--------+--------+--------+-----+--------+
         Total |   2433 |   2330 |    103 |     41 |   1802 |   4 |  608.2 |
       Dungeon |   2433 |   2330 |    103 |     41 |   1802 |   4 |  608.2 |
               +--------+--------+--------+--------+--------+-----+--------+

Top non-repeatable levels by time:
     D:3: 1055 daAuts
     D:2: 747 daAuts
     D:1: 493 daAuts
     D:4: 136 daAuts
